 Dungeon Crawl Stone Soup version 0.31-a0-925-g0a390f2509 (webtiles) character file.

Game seed: 832463155697372413

60 Azuregosa the Covert (level 4, 0/31 HPs)
             Began as an Octopode Delver on Oct 18, 2023.
             Slain by a scorpion (6 damage)
             ... in an ossuary.
             The game lasted 00:01:59 (129 turns).

Azuregosa the Covert (Octopode Delver)               Turns: 129, Time: 00:01:59

Health: 0/31       AC:  1    Str: 11    XL:     4   Next: 4%
Magic:  4/4        EV: 13    Int: 12    God:
Gold:   0          SH:  0    Dex: 15    Spells: 3/3 levels left

rFire   . . .        a - +0 hand axe
rCold   . . .        (no shield)
rNeg    . . .        (helmet restricted)
rPois   .            (no amulet)
rElec   .            (no ring)
rCorr   .            (no ring)
SInv    .            (no ring)
Will    .....        (no ring)
Stlth   +++++        (no ring)
HPRegen 0.25/turn    (no ring)
MPRegen 0.09/turn    (no ring)
                     (no ring)

%: no passive effects
@: lethally poisoned (0 -> -15)
A: almost no armour, amphibious, 8 rings, camouflage 1, gelatinous body 1,
(nimble swimmer 1), tentacles
a: no special abilities


You were in an ossuary.
You visited 1 branch of the dungeon, and saw 2 of its levels.
You also visited: Ossuary.

Inventory:

Hand Weapons
 a - a +0 hand axe (weapon)
Wands
 f - a wand of digging (3)
Scrolls
 b - a scroll of fog
 c - a scroll of poison {unknown}
 d - a scroll of fear
Potions
 e - a potion of haste
 g - a potion of attraction {unknown}


   Skills:
 - Level 3.0 Fighting
 - Level 2.0 Axes
 + Level 2.0 Dodging
 - Level 8.5 Stealth


You had 3 spell levels left.
You didn't know any spells.
Your spell library was empty.

Dungeon Overview and Level Annotations

Branches:
Dungeon (6/15)            Ossuary (1/1)
 Temple: D:4-7

Altars:


Innate Abilities, Weirdness & Mutations

You cannot wear most types of armour.
You are amphibious.
You can wear up to eight rings at the same time.
Your skin changes colour to match your surroundings (Stealth+).
Your rubbery body absorbs attacks. (AC +1, EV +1)
((You are camouflaged when in or above water. (Stealth+)))
You have tentacles for arms and can constrict up to eight enemies at once.


Message History

There is an open door here.
A hobgoblin zombie and a scorpion come into view.
There is an open door here.
There is an open door here.
You slash the hobgoblin zombie! You grab the hobgoblin zombie.
The hobgoblin zombie is almost destroyed.
You constrict the hobgoblin zombie.
You destroy the hobgoblin zombie!
There is an open door here.
The helpless hobgoblin zombie fails to defend itself.
You slash the hobgoblin zombie!
You destroy the hobgoblin zombie!
The scorpion closely misses you.
You barely miss the scorpion. You grab the scorpion.
You constrict the scorpion. The scorpion closely misses you.
The scorpion stings you.
You hit the scorpion. Your squeeze misses the scorpion.
The scorpion is lightly wounded.
You constrict the scorpion. The scorpion closely misses you.
You hit the scorpion.
The scorpion is severely wounded.
You constrict the scorpion, but do no damage.
The scorpion stings you.
You are poisoned.
The scorpion poisons you! The scorpion closely misses you.
You hit the scorpion but do no damage.
The scorpion is severely wounded.
You constrict the scorpion.
You feel very sick. The scorpion stings you!
* * * LOW HITPOINT WARNING * * *
You hit the scorpion but do no damage.
The scorpion is severely wounded.
You constrict the scorpion.
* * * LOW HITPOINT WARNING * * *
You feel sick. The scorpion stings you.
* * * LOW HITPOINT WARNING * * *
You are more poisoned.
The scorpion poisons you! The scorpion stings you.
You die...

#...8...#
#...#...#
##'#######+##
#...#...#...#
#...'...8...#
#...#.......#
######8...8##
#.!M#......Z#
#..!#@..8...#
#...#s..#Z..#
##+##########


You could see a scorpion, a goblin zombie (dormant) and a kobold zombie
(dormant).

Vanquished Creatures
  A scorpion (Ossuary)
  A goblin zombie (Ossuary)
  2 hobgoblin zombies (Ossuary)
4 creatures vanquished.

Notes
Turn   | Place    | Note
-------+----------+-------------------------------------------
     0 | D:5      | Azuregosa the Octopode Delver began the quest for the Orb.
     0 | D:5      | Reached XP level 1. HP: 16/16 MP: 1/1
     1 | D:6      | Noticed a hound
    14 | D:5      | Noticed an ogre
    58 | D:5      | Found a sand-covered staircase.
    62 | Ossuary  | Entered an ossuary
    70 | Ossuary  | Noticed a scorpion
    80 | Ossuary  | Killed a scorpion
    81 | Ossuary  | Reached skill level 8 in Stealth
    81 | Ossuary  | Reached XP level 2. HP: 19/21 MP: 2/2
    81 | Ossuary  | Reached XP level 3. HP: 24/26 MP: 3/3
    81 | Ossuary  | Reached XP level 4. HP: 29/31 MP: 4/4
   103 | Ossuary  | Noticed a scorpion
   129 | Ossuary  | Slain by a scorpion

Illustrated notes

Levels and vault maps discovered:
D:5:      minmay_octagon_keep, layout_loops_ring, enter_ossuary_5,
          nicolae_half_adder, uniq_duvessa, uniq_ijyb
D:6:      layout_basic, doesnt_xom_only_xom, minmay_temple_entry_statues,
          serial_shops, shop, uniq_prince_ribbit1
Ossuary:  ossuary_minmay_scorpions

Skill      XL: |  1 |
---------------+----+-----
Stealth        | 8 |  8.5
Fighting       | |  3.0
Axes           | |  2.0
Dodging        | |  2.0

Action                     |  1- 3 |  4- 6 || total
---------------------------+-------+-------++-------
  Melee: Hand axe          |     5 |    11 ||    16
         Tentacles         |     2 |       ||     2
         Constrict         |     1 |     3 ||     4
    Use: Scroll            |     1 |       ||     1
   Stab: Sleeping          |       |     1 ||     1
 Armour: Skin              |     2 |     5 ||     7
  Dodge: Dodged            |     4 |     6 ||    10

Table legend: (Time is in decaauts)
 A = Elapsed time spent in this place.
 B = Non-inter-level travel time spent in this place.
 C = Inter-level travel time spent in this place.
 D = Time resting spent in this place.
 E = Time spent auto-exploring this place.
 F = Levels seen in this place.
 G = Mean time per level.
                   A        B        C        D        E       F      G
               +--------+--------+--------+--------+--------+-----+--------+
         Total |    132 |    132 |      0 |      3 |      0 |   3 |   44.0 |
       Dungeon |     62 |     62 |      0 |      0 |      0 |   2 |   31.0 |
       Ossuary |     69 |     69 |      0 |      3 |      0 |   1 |   69.0 |
               +--------+--------+--------+--------+--------+-----+--------+

Top non-repeatable levels by time:
 Ossuary: 69 daAuts
     D:5: 60 daAuts
     D:6: 1 daAuts
